 Dungeon Crawl Stone Soup version 0.30-a0-930-gb9d0489357 (webtiles) character file.

Game seed: 9526607635245788903

19999 retardedninja the Protected (level 12, -6/100 HPs)
             Began as an Armataur Fighter on Mar 23, 2023.
             Was a Follower of Hepliaklqana.
             Mangled by a very large slime creature (26 damage)
             ... on level 12 of the Dungeon.
             The game lasted 00:24:13 (14671 turns).

retardedninja the Protected (Armataur Fighter)     Turns: 14671, Time: 00:24:13

Health: -6/100     AC: 28    Str: 25    XL:     12   Next: 41%
Magic:  0/12       EV:  6    Int: 13    God:    Hepliaklqana [*.....]
Gold:   391        SH: 16    Dex: 13    Spells: 11/11 levels left

rFire   . . .      SeeInvis .    a - +0 war axe (venom)
rCold   . . .      Faith    .    B - +0 tower shield
rNeg    . . .      Spirit   +    d - +0 plate armour
rPois   .          Reflect  .    g - +2 hat
rElec   .          Roll     +    n - +0 cloak
rCorr   .                        s - +0 pair of gloves of Sin {Int+4 Dex+2}
Will    .....                    t - +0 barding Stlth
                                 e - amulet of guardian spirit
HPRegen 0.36/turn                f - +4 ring of protection
MPRegen 0.13/turn                D - +5 ring of evasion

@: no status effects
A: reduced essence, large, rugged brown scales 3, deformed body, armoured tail,
roll, long tongue, awkward tongue
a: Renounce Religion, Recall Ancestor, Ancestor Identity


You were on level 12 of the Dungeon.
You worshipped Hepliaklqana.
Hepliaklqana was aware of your devotion.
You visited 3 branches of the dungeon, and saw 16 of its levels.

You collected 690 gold pieces.
You spent 299 gold pieces at shops.

Inventory:

Hand Weapons
 a - a +0 war axe of venom (weapon)
Missiles
 v - 4 javelins (quivered)
Armour
 d - a +0 plate armour (worn)
 g - a +2 hat (worn)
 n - a +0 cloak (worn)
 s - the +0 pair of gloves of Sin (worn) {Int+4 Dex+2}
   (You found it on level 2 of the Dungeon)

   Int:       It affects your intelligence (+4).
   Dex:       It affects your dexterity (+2).
 t - a +0 barding (worn)
 B - a +0 tower shield (worn)
Jewellery
 b - an amulet of magic regeneration
 e - an amulet of guardian spirit (around neck)
 f - a +4 ring of protection (left hand)
 D - a +5 ring of evasion (right hand)
Wands
 j - a wand of digging (5)
 C - a wand of iceblast (4)
 F - a wand of paralysis (3)
Scrolls
 i - a scroll of poison
 k - 2 scrolls of fog
 o - a scroll of torment
 q - a scroll of immolation
 r - a scroll of magic mapping
 u - a scroll of identify
 w - 7 scrolls of teleportation
Potions
 c - a potion of flight
 l - a potion of lignification
 m - 6 potions of mutation
 p - a potion of curing
 z - a potion of brilliance
 A - a potion of attraction


   Skills:
 + Level 9.2 Fighting
 * Level 11.1 Axes
 + Level 11.9 Armour
 + Level 10.9 Shields


You had 11 spell levels left.
You didn't know any spells.
Your spell library contained the following spells:

 Spells                   Type           Power      Damage    Failure   Level
 Sandblast                Erth           0%         2d4       100%        1
 Slow                     Hex            0%         N/A       100%        1
 Sting                    Tmut/Pois      0%         1d3       100%        1
 Ensorcelled Hibernation  Hex/Ice        0%         N/A       100%        2
 Passwall                 Tmut/Erth      0%         N/A       100%        2
 Poisonous Vapours        Pois/Air       0%         N/A       100%        2
 Confusing Touch          Hex            0%         N/A       100%        3
 Ozocubu's Armour         Ice            0%         N/A       100%        3
 Stone Arrow              Conj/Erth      0%         3d7       100%        3
 Swiftness                Air            0%         N/A       100%        3
 Vampiric Draining        Necr           0%         2d6       100%        3
 Anguish                  Hex/Necr       0%         N/A       100%        4
 Leda's Liquefaction      Hex/Erth       0%         N/A       100%        4
 Olgreb's Toxic Radiance  Pois           0%         N/A       100%        4
 Lee's Rapid Deconstruct  Erth           0%         3d4*      100%        5
 Statue Form              Tmut/Erth      0%         N/A       100%        6
 Enfeeble                 Hex            0%         N/A       100%        7
 Ozocubu's Refrigeration  Ice            0%         4d7       100%        7


Dungeon Overview and Level Annotations

Branches:
Dungeon (14/15)            Temple (1/1) D:5            Lair (1/5) D:9
    Orc (0/2) D:10
 Vaults: D:13-14

Altars:
Ashenzari
Cheibriados
Dithmenos
Elyvilon
Fedhas
Gozag
Hepliaklqana
Kikubaaqudgha
Makhleb
Nemelex Xobeh
Okawaru
Qazlal
Ru
Sif Muna
Trog
Uskayaw
Vehumet
Wu Jian
Xom
Yredelemnul
Zin
The Shining One

Shops:
D:1 ==[   D:7 ?   D:12 :


Innate Abilities, Weirdness & Mutations

Your life essence is reduced to manifest your ancestor. (-10% HP)
You are completely covered in rugged brown scales. (AC +3, +7% HP)
Armour fits poorly on your strangely shaped body.
You have a long armoured tail.
You roll when moving toward enemies. (Rampage)
Your long tongue fully drains potion bottles. (2x potion effects)
Your tongue gives you trouble enunciating. (1.5x scroll delay)


Message History

You block the very large slime creature's attack.
The large slime creature hits you but does no damage.
Fikile barely misses the very large slime creature.
You barely miss the very large slime creature.
The very large slime creature is heavily wounded.
You hit the large slime creature. The very large slime creature hits you.
The large slime creature hits you!
Fikile hits the very large slime creature!
You slash the very large slime creature!
You tail-slap the very large slime creature!
The very large slime creature is severely wounded.
You slash the large slime creature!
The large slime creature looks as sick as possible!
You block the very large slime creature's attack.
The large slime creature hits you.
Fikile hits the very large slime creature!
You slash the very large slime creature!
The very large slime creature is almost dead.
You hit the large slime creature.
You block the very large slime creature's attack.
The large slime creature hits you!!
Fikile hits the very large slime creature!
You slash the very large slime creature!
The very large slime creature is almost dead.
You slash the large slime creature!
The very large slime creature hits you!!!
* * * LOW HITPOINT WARNING * * *
The large slime creature hits you!
* * * LOW HITPOINT WARNING * * *
Fikile hits the very large slime creature!
You block the very large slime creature's attack.
The large slime creature closely misses you.
You hear a roar!
You feel better.
You slurp down every last drop of the potion of curing!
Fikile hits the very large slime creature.
The large slime creature hits you!
* * * LOW HITPOINT WARNING * * *
The very large slime creature hits you!!
You die...

#.# ##.## #.# #.#
#######.########.######.
........................
###.############.#######
<.#.# #......$# #(#.#
#.$.....# ....#
#.$.....# #.###
#@R.....#
#.##############JJ.....#
#.......<...^..#.......#
#..###########..∩.∩....#
#... .....#### ##..#
..∩.∩.# #..# ......#
#... ....#### ##..##


You could see the friendly Fikile the ancestor, a very large slime creature
(ally target) and a large slime creature (extremely poisoned).

Vanquished Creatures
  Gastronok (D:11)
  Erolcha (D:10)
  Erica (D:8)
  5 boulder beetles
  A two-headed ogre (D:11)
  A fire crab (shapeshifter) (D:12)
  An ugly thing (D:11)
  2 cyclopes (D:11)
  A manticore (D:11)
  Joseph (D:9)
  A cane toad (Lair:1)
  A komodo dragon (D:11)
  The ghost of jasper the Thaumaturge, a novice DECj (D:7)
  A kobold demonologist (D:10)
  3 trolls
  A slime creature (D:13)
  2 shadows
  A wyvern (D:11)
  A wraith (D:12)
  15 yaks
  4 vampire mosquitoes (D:12)
  A steam dragon (D:10)
  2 wargs (D:9)
  4 water moccasins
  2 acid dragons (D:10)
  A sky beast (D:6)
  5 orc warriors
  3 ice beasts
  A black bear (D:7)
  2 ogres
  2 centaurs (D:5)
  4 kobold brigands (D:9)
  3 bullfrogs
  2 gnoll sergeants
  5 scorpions
  20 wights
  3 killer bees (D:9)
  A howler monkey (D:9)
  2 electric eels (D:8)
  A jelly (D:7)
  7 orc priests
  A gnoll bouda (D:6)
  Crazy Yiuf (D:6)
  A sleepcap (D:5)
  An iguana (D:6)
  9 orc wizards
  21 gnolls
  3 adders
  A shadow imp (D:7)
  3 white imps
  2 worms
  4 dart slugs (D:1)
  25 orcs
  6 ball pythons
  3 endoplasms
  4 giant cockroaches
  6 goblins
  2 hobgoblins
  8 jackals
  3 quokkas
  3 bats
  2 frilled lizards
  28 kobolds
  6 rats
260 creatures vanquished.

Vanquished Creatures (collateral kills)
  A two-headed ogre (D:12)
  A cyclops (D:12)
  A shadow (D:12)
  An acid dragon (D:12)
4 creatures vanquished.

Vanquished Creatures (others)
  Maurice (D:10)
  An orc wizard (D:9)
  An orc (D:10)
  2 plants
5 creatures vanquished.

Grand Total: 269 creatures vanquished

Notes
Turn   | Place    | Note
-------+----------+-------------------------------------------
     0 | D:1      | retardedninja the Armataur Fighter began the quest for the
                  | Orb.
     0 | D:1      | Reached XP level 1. HP: 19/19 MP: 1/1
    95 | D:1      | Found Perph's Jewellery Shoppe.
   189 | D:1      | Reached XP level 2. HP: 26/26 MP: 2/2
   228 | D:1      | Found Geiven's Armour Boutique.
   463 | D:1      | Found Nirost's Jewellery Emporium.
   469 | D:1      | Reached XP level 3. HP: 33/33 MP: 3/3
  1457 | D:2      | Identified the +0 pair of gloves of Sin {Int+4 Dex+2}
  1490 | D:2      | Found a faded altar of an unknown god.
  1755 | D:3      | Reached XP level 4. HP: 21/40 MP: 2/4
  1943 | D:3      | Found a white marble altar of Elyvilon.
  2057 | D:3      | Found a radiant altar of Vehumet.
  2512 | D:3      | Found an ancient bone altar of Kikubaaqudgha.
  2540 | D:3      | Found an ornate altar of the Wu Jian Council.
  2901 | D:4      | Reached XP level 5. HP: 26/48 MP: 3/5
  3091 | D:4      | Reached skill level 5 in Armour
  3375 | D:4      | Noticed an ogre
  3380 | D:4      | Killed an ogre
  3381 | D:4      | Reached XP level 6. HP: 55/55 MP: 6/6
  3882 | D:5      | Entered Level 5 of the Dungeon
  3892 | D:5      | Reached skill level 5 in Shields
  4198 | D:5      | Reached XP level 7. HP: 50/63 MP: 3/7
  4241 | D:5      | Found a staircase to the Ecumenical Temple.
  4272 | Temple   | Entered the Ecumenical Temple
  4490 | D:5      | Identified the +5 sling "Veamif" {flame, rCorr Str+3}
  5256 | D:5      | Reached XP level 8. HP: 71/71 MP: 8/8
  5288 | D:5      | Identified the +1 mace of Hecs {antimagic, Fragile Dex+5}
  5318 | D:5      | Found an iron altar of Okawaru.
  5729 | D:1      | Bought a +0 barding for 299 gold pieces
  6136 | D:6      | Found a shimmering blue altar of Sif Muna.
  6208 | D:6      | Reached skill level 5 in Fighting
  6208 | D:6      | Reached skill level 5 in Axes
  6245 | D:6      | Found a runed translucent door.
  6246 | D:6      | Noticed Crazy Yiuf
  6827 | D:6      | Killed Crazy Yiuf
  7010 | D:7      | Found a stormy altar of Qazlal.
  7142 | D:7      | Found a runed translucent gate.
  7149 | D:7      | Found a runed translucent gate.
  7149 | D:7      | Found a runed translucent gate.
  7228 | D:7      | Reached XP level 9. HP: 49/79 MP: 4/9
  7328 | D:7      | Found Voub's Magic Scroll Shop.
  7663 | D:7      | Noticed jasper's ghost (novice DECj)
  7676 | D:7      | Killed jasper's ghost
  7717 | D:8      | Noticed a boulder beetle
  7745 | D:8      | Killed a boulder beetle
  8057 | D:8      | Found a glowing golden altar of the Shining One.
  8451 | D:8      | Reached XP level 10. HP: 87/87 MP: 10/10
  9021 | D:9      | Noticed Erica
  9291 | D:8      | Killed Erica
  9348 | D:9      | Found a hazy altar of Hepliaklqana.
  9435 | D:9      | Found a staircase to the Lair.
  9757 | D:9      | Noticed a boulder beetle
  9791 | D:9      | Killed a boulder beetle
  9951 | D:9      | Noticed Joseph
  9972 | D:9      | Killed Joseph
 10232 | D:9      | Found a shadowy altar of Dithmenos.
 10765 | D:9      | Reached skill level 10 in Armour
 10997 | D:8      | Reached XP level 11. HP: 60/98 MP: 6/11
 11435 | D:10     | Entered Level 10 of the Dungeon
 11441 | D:10     | Noticed Maurice
 11442 | D:10     | Found a staircase to the Orcish Mines.
 11453 | D:10     | Noticed Erolcha
 11466 | D:10     | Killed Erolcha
 11493 | D:10     | Killed Maurice
 12867 | D:9      | Became a worshipper of Hepliaklqana the Forgotten
 12888 | Lair:1   | Entered Level 1 of the Lair of Beasts
 13151 | D:11     | Noticed a cyan ugly thing
 13164 | D:11     | Killed a cyan ugly thing
 13286 | D:11     | Noticed a two-headed ogre
 13295 | D:11     | Killed a two-headed ogre
 13296 | D:11     | Reached skill level 10 in Axes
 13296 | D:11     | Reached skill level 10 in Shields
 13557 | D:11     | Noticed Gastronok
 13571 | D:11     | Killed Gastronok
 13649 | D:11     | Noticed a boulder beetle
 13657 | D:11     | Killed a boulder beetle
 13865 | D:11     | Reached XP level 12. HP: 73/110 MP: 7/12
 14010 | D:11     | You fall into a shaft and drop 3 floors!
 14078 | D:13     | Reached * piety under Hepliaklqana
 14229 | D:12     | Noticed a boulder beetle
 14231 | D:12     | Noticed a two-headed ogre
 14243 | D:12     | Killed a two-headed ogre
 14253 | D:12     | Killed a boulder beetle
 14630 | D:12     | Noticed a boulder beetle
 14642 | D:12     | Killed a boulder beetle
 14654 | D:12     | Found Isacin's Book Boutique.
 14671 | D:12     | Mangled by a very large slime creature

Illustrated notes

Levels and vault maps discovered:
D:1:      denvon_arrival_planthouse, layout_basic, serial_shops, shop,
          shop_statue, nicolae_shop_competitors_out_of_business,
          minmay_stone_trees_small
D:2:      layout_loops_corners, ebering_ecumenical_altar_abandoned
D:3:      layout_loops_corners, elyvilon_altar_4, mainiacjoe_overflow_two_lobes,
          lemuel_tele_altar
D:4:      layout_basic, nrook_mini_vaults, kennysheep_generic_room_7
D:5:      layout_layer_cave, okawaru_gym_becter, minmay_temple_entry_offerings,
          corexii_corridor_pit
D:6:      layout_cave_pods, led_sif_pool, uniq_crazy_yiuf_cottage
D:7:      layout_basic, nicolae_overflow_crystal_walls, serial_shops,
          nicolae_shop_window_shopping, ebering_ghost_rock_garden
D:8:      layout_basic, nicolae_tso_swordbearing_angel, water_maze_lemuel
D:9:      layout_irregular_city, mainiacjoe_overflow_24_doors,
          nicolae_hepliaklqana_hazy_memory, erik_lair_orcish_takeover,
          minivault_5, uniq_joseph, uniq_erica
D:10:     layout_stronghold, david_orc_3, kennysheep_decorative_pillar,
          uniq_erolcha, uniq_maurice
D:11:     layout_gridville, uniq_gastronok
D:12:     layout_loops_ring, serial_shops,
          nicolae_shop_competitors_out_of_business, uniq_nessos
D:13:     cheibrodos_monumental, layout_basic, ximxim_vaults_locker_room,
          onia_ninara_cookie, uniq_kirke
D:14:     layout_big_octagon
Temple:   chequers_temple_sunken
Lair:1:   layout_loops_ring, gammafunk_ghost_arena, minivault_23,
          serial_bayou_shore_a

Skill      XL: |  1  2  3  4  5  6  7  8  9 10 11 12 |
---------------+-------------------------------------+-----
Armour         | 4 5 6 7 8 10 11 | 11.9
Axes           | 2 3 4 6 7 9 10 11 | 11.1
Fighting       | 3 4 5 6 7 8 9 |  9.2
Shields        | 4 5 6 8 9 10 | 10.9

Action                     |  1- 3 |  4- 6 |  7- 9 | 10-12 || total
---------------------------+-------+-------+-------+-------++-------
  Melee: War axe           |    91 |   112 |   267 |   493 ||   963
         Tailslap          |    11 |     4 |    34 |    87 ||   136
 Invoke: Recall Ancestor   |       |       |       |     1 ||     1
  Evoke: Wand              |     1 |    11 |     2 |     5 ||    19
    Use: Scroll            |       |    14 |       |    10 ||    24
         Potion            |       |     1 |     4 |    14 ||    19
   Stab: Distracted        |       |       |       |     1 ||     1
 Armour: Scale mail        |    46 |    64 |       |       ||   110
         Plate armour      |       |       |   238 |   375 ||   613
         Skin              |       |       |       |    12 ||    12
  Dodge: Dodged            |    29 |    41 |    48 |   149 ||   267
  Block: Buckler           |    16 |    17 |    79 |     2 ||   114
         Tower shield      |       |       |       |   472 ||   472

Table legend: (Time is in decaauts)
 A = Elapsed time spent in this place.
 B = Non-inter-level travel time spent in this place.
 C = Inter-level travel time spent in this place.
 D = Time resting spent in this place.
 E = Time spent auto-exploring this place.
 F = Levels seen in this place.
 G = Mean time per level.
                   A        B        C        D        E       F      G
               +--------+--------+--------+--------+--------+-----+--------+
         Total |  14939 |  14223 |    716 |   3337 |   8463 |  16 |  933.7 |
       Dungeon |  14723 |  14037 |    686 |   3335 |   8325 |  14 | 1051.6 |
        Temple |    175 |    145 |     30 |      0 |    138 |   1 |  175.0 |
          Lair |     40 |     40 |      0 |      2 |      0 |   1 |   40.0 |
               +--------+--------+--------+--------+--------+-----+--------+

Top non-repeatable levels by time:
     D:9: 2214 daAuts
     D:8: 2058 daAuts
     D:5: 1624 daAuts
    D:10: 1218 daAuts
     D:3: 1199 daAuts
     D:4: 1135 daAuts
     D:6: 1035 daAuts
    D:11: 1024 daAuts
     D:2: 904 daAuts
     D:1: 877 daAuts
     D:7: 843 daAuts
    D:12: 507 daAuts
  Temple: 175 daAuts
    D:13: 72 daAuts
  Lair:1: 40 daAuts
